AoeStats
← VastStarling392

Arabia

510125725Analyzed
2v2 RM · 3d ago on Sep 29, 2026· 25m 53s· 4 players
Game mode
Random Map
Map size
Medium (4 player)
Population
200
Speed
Normal
Resources
Standard
Victory
Conquest
Starting age
Dark Age
Ending age
Imperial Age
RankedLock teamsTeams togetherTeam positionsShared explorationLock speedFull tech treeHidden civsTurbo modeCheats
Victory
Defeat
🇧🇩 Khmer · Bangladesh
995
+16
🇧🇩 Armenians · Bangladesh
930
+18
🇫🇷 Ethiopians · France
1012
-18
🇨🇿 Khmer · Czechia
955
-16
VastStarling392
11:43 Feudal Age
12:11 Double-Bit Axe
12:09 Horse Collar
12:52 Loom
22:13 Wheelbarrow
24:41 Castle Age
22:39 Stone Mining
23:27 Bloodlines
24:03 Forging
23:59 Scale Barding Armor
24:44 Gold Mining
26:15 Stone Shaft Mining
26:09 Heavy Plow
KissMyAxe
5:52 Loom
9:42 Feudal Age
14:11 Fletching
21:04 Castle Age
19:03 Double-Bit Axe
21:10 Crossbowman
22:10 Stone Mining
25:28 Thumb Ring
flaminrage99
3:48 Loom
5:30 Loom
10:32 Feudal Age
12:08 Double-Bit Axe
14:27 Man-at-Arms
18:43 Horse Collar
18:58 Gold Mining
20:06 Padded Archer Armor
24:21 Castle Age
23:19 Fletching
24:51 Elite Skirmisher
CapnAbulel
6:27 Loom
9:07 Feudal Age
10:18 Double-Bit Axe
10:17 Horse Collar
19:16 Castle Age
18:35 Gold Mining
19:27 Wheelbarrow
19:27 Bloodlines
20:50 Scale Barding Armor
20:56 Forging
21:12 Bow Saw
21:50 Gold Shaft Mining
22:57 Heavy Plow
24:40 Chain Barding Armor
26:09 Hand Cart
Connection lost

Rejoining the realm…

Still unreachable

The connection could not be restored.

Session expired

The server has moved on; the page needs a fresh start.